 Dungeon Crawl Stone Soup version 0.26-a0-540-g8a0c9464d7 (webtiles) character file.

Game seed: 8563125097503598817

28 kae the Sneak (level 3, 0/29 HPs)
             Began as a Demonspawn Delver on Aug 24, 2020.
             Succumbed to an adder's poison
             ... on level 4 of the Dungeon.
             The game lasted 00:01:02 (940 turns).

kae the Sneak (Demonspawn Delver)                    Turns: 940, Time: 00:01:03

Health: 0/29       AC:  3    Str: 13    XL:     3   Next: 0%
Magic:  3/3        EV: 12    Int: 11    God:
Gold:   14         SH:  0    Dex: 14    Spells: 2/2 levels left

rFire    . . .     SeeInvis .   g - +0 whip
rCold    . . .     Faith    .   (no shield)
rNeg     . . .     Spirit   .   a - +0 leather armour
rPois    .         Reflect  .   (no helmet)
rElec    .         Harm     .   (no cloak)
rCorr    .                      (no gloves)
MR       .....                  (no boots)
Stlth    ++........             (no amulet)
HPRegen  0.09/turn              (no ring)
MPRegen  0.08/turn              (no ring)

@: lethally poisoned (0 -> -5)
A: talons 1, spiny 1
a: no special abilities


You were on level 4 of the Dungeon.
You visited 1 branch of the dungeon, and saw 2 of its levels.

You collected 14 gold pieces.

Inventory:

Hand Weapons
 g - a +0 whip (weapon)
Armour
 a - a +0 leather armour (worn)
Wands
 f - a wand of digging (2)
Scrolls
 b - a scroll of fog
 c - a scroll of magic mapping
 h - 2 scrolls of identify


   Skills:
 + Level 3.4 Fighting
 - Level 1.7 Dodging
 - Level 4.5 Stealth
 * Level 2.8 Unarmed Combat


You had 2 spell levels left.
You didn't know any spells.
Your spell library was empty.

Dungeon Overview and Level Annotations

Branches:
Dungeon (5/15)
 Temple: D:4-7

Altars:

Shops:
D:4 ?


Innate Abilities, Weirdness & Mutations

You have sharp toenails.
You are partially covered in sharp spines.


Message History

The adder poisons you!
You hit the adder.
You kill the adder!
You have reached level 3!
Your experience leads to an increase in your attributes!
Increase (S)trength, (I)ntelligence, or (D)exterity?
You feel stronger.
Your demonic ancestry asserts itself...
Your toenails lengthen and sharpen.
* * * LOW HITPOINT WARNING * * *
You feel sick.
There is a lethal amount of poison in your body!
There is a lethal amount of poison in your body!
You aren't carrying any potions.
You aren't carrying any potions.
Okay, then.
* * * LOW HITPOINT WARNING * * *
You feel sick.
* * * LOW HITPOINT WARNING * * *
You feel sick.
You die...

### ##@# ##.##
##.## ##.## ##.##
#########.##
#........#.......
#).......#.......
+........#.......


There were no monsters in sight!

Vanquished Creatures
  2 adders (D:4)
  An adder skeleton (D:5)
  An adder zombie (D:5)
  An orc (D:4)
  A quokka skeleton (D:5)
6 creatures vanquished.

Notes
Turn   | Place    | Note
-------+----------+-------------------------------------------
     0 | D:5      | kae the Demonspawn Delver began the quest for the Orb.
     0 | D:5      | Reached XP level 1. HP: 18/18 MP: 1/1
   397 | D:5      | Noticed an ogre
   457 | D:4      | Found Aghijouq's Magic Scroll Shoppe.
   474 | D:4      | Gained mutation: You are partially covered in sharp spines.
                  | [demonic ancestry]
   474 | D:4      | Reached XP level 2. HP: 2/24 MP: 2/2
   934 | D:4      | Gained mutation: You have sharp toenails. [demonic
                  | ancestry]
   934 | D:4      | Reached XP level 3. HP: 3/29 MP: 3/3
   935 | D:4      | HP: 1/29 [poisoned by an adder]
   940 | D:4      | Succumbed to an adder's poison

Illustrated notes

Levels and vault maps discovered:
D:4:      layout_gridville, nemelex_xobeh_ov_fountains_minmay,
          marbit_many_paths, lightli_temple_of_fire, serial_shops,
          nicolae_shop_crystal, minmay_splitting_lines, chequers_mini_garden,
          nicolae_gozag_zags_fifth_avenue
D:5:      layout_loops_corners, lemuel_coloured_pillars_altar,
          uniq_prince_ribbit1

Skill      XL: |  1 |
---------------+----+-----
Unarmed Combat | 2 |  2.8
Fighting       | |  3.4
Dodging        | |  1.7
Stealth        | |  4.5

Action                   || total
-------------------------++-------
Melee: Whip              ||    28
       Unarmed           ||    13
Evoke: Wand              ||     1
  Use: Scroll            ||     2
       Potion            ||     1
Armor: Leather armour    ||     7
Dodge: Dodged            ||    26

Table legend: (Time is in decaauts)
 A = Elapsed time spent in this place.
 B = Non-inter-level travel time spent in this place.
 C = Inter-level travel time spent in this place.
 D = Time resting spent in this place.
 E = Time spent auto-exploring this place.
 F = Levels seen in this place.
 G = Mean time per level.
                   A        B        C        D        E       F      G
               +--------+--------+--------+--------+--------+-----+--------+
         Total |    928 |    928 |      0 |    497 |    276 |   2 |  464.0 |
       Dungeon |    928 |    928 |      0 |    497 |    276 |   2 |  464.0 |
               +--------+--------+--------+--------+--------+-----+--------+

Top non-repeatable levels by time:
     D:4: 486 daAuts
     D:5: 442 daAuts
